 Dungeon Crawl Stone Soup version 0.27-a0-1301-g128193abf8 (webtiles) character file.

Game seed: 14666398116748050355

7 spiderkeys the Skirmisher (level 1, -15/22 HPs)
             Began as a Troll Abyssal Knight on June 18, 2021.
             Was a Follower of Lugonu.
             Demolished by a large abomination (37 damage)
             ... on level 1 of the Abyss.
             The game lasted 00:00:21 (103 turns).

spiderkeys the Skirmisher (Troll Abyssal Knight)     Turns: 103, Time: 00:00:21

Health: -15/22     AC:  4    Str: 19    XL:     1   Next: 83%
Magic:  1/1        EV: 10    Int:  8    God:    Lugonu [*.....]
Gold:   0          SH:  0    Dex:  9    Spells: 0/0 levels left

rFire    . . .     SeeInvis .     - Unarmed
rCold    . . .     Faith    .   (no shield)
rNeg     . . .     Spirit   .   a - +0 robe
rPois    .         Reflect  .   (helmet restricted)
rElec    .         Harm     .   (no cloak)
rCorr    .         Rampage  .   (gloves unavailable)
Will     .....                  (boots unavailable)
Stlth    +.........             (no amulet)
HPRegen  1.07/turn              (no ring)
MPRegen  0.07/turn              (no ring)

@: no status effects
A: large, unfitting armour, claws 3, regeneration 1, shaggy fur 1, tough skin 1
a: Renounce Religion, Depart the Abyss


You were on level 1 of the Abyss.
You worshipped Lugonu.
Lugonu was aware of your devotion.
You visited 0 branches of the dungeon, and saw 0 of its levels.
You visited the Abyss 1 time.


Innate Abilities, Weirdness & Mutations

You are too large for most types of armour.
You have claws for hands.
Your natural rate of healing is unusually fast.
You are covered in fur. (AC +1)
You have tough skin. (AC +1)


   Skills:
 + Level 2.5 Fighting
 + Level 0.0 Armour
 + Level 2.0 Dodging
 + Level 2.1 Unarmed Combat
 + Level 1.7 Invocations


You couldn't memorise any spells.
You didn't know any spells.
Your spell library was empty.

Inventory:

Armour
 a - a +0 robe (worn)

Dungeon Overview and Level Annotations

Branches:
Dungeon (0/15)

Altars:

#.###. #. #
# #.. ...#
. . # # # .
##. .#
#..#. . #.
.. . ....
#.# #.#
.... . ..#
...#..
..####.#.#
#.. ###.X##
.# .
##...#.#@#$
.#.. #
####...#.#
# ..#
#.#.#.## #
. . #####


You could see a large abomination.


Message History

🤖 Initializing magus.rc ...
Options error: Delay interrupt name "hungry" not recognised. (~/.crawlrc:4988) ✅ Successfully initialized magus.rc [v1.9.10] Welcome, spiderkeys the Troll Abyssal Knight.
Will you be the one to retrieve the awesome Orb of Zot from the depths?
Lugonu says: Depart the Abyss and spread corruption, my servant! (use the ability menu to exit the Abyss) Press ? for a list of commands and other information.
Found a corrupted altar of Lugonu.
Found a gateway leading out of the Abyss.
There is a gateway leading out of the Abyss here.
b - a fuming yellow potion It was a potion of lignification.
You turn into a tree.
Your +0 robe melds into your body.
Your roots penetrate the ground. 😎 HP[+11]
You now have 33 max hp (+11).
Your hp is fully restored (33).
You start waiting.
A white imp comes into view.
Unknown command.
A white imp is nearby!
You cannot move.
The white imp shouts, "Bolt, thou churlish kobold-kissing foot-licker!"
Your transformation is almost over.
The white imp gestures at you.
The puff of frost hits you but does no damage.
Unknown command.
The white imp gestures at you.
The puff of frost hits you but does no damage.
You smack the white imp!
You kill the white imp!
Your Dodging skill increases to level 2!
You cannot move.
You cannot move.
Unknown command.
You cannot move.
A large abomination comes into view.
You feel less wooden.
Your +0 robe unmelds from your body. 😎 HP[-11]
You now have 22 max hp (-11).
The large abomination barely misses you.
You completely miss the large abomination.
The large abomination hits you!!!
Ouch! That really hurt!
You die...

Skill      XL: |  1 |
---------------+----+-----
Dodging        | 2 |  2.0
Fighting       | |  2.5
Unarmed Combat | |  2.1
Invocations    | |  1.7

Action                   || total
-------------------------++-------
Melee: Unarmed           ||     2
  Use: Potion            ||     1
Armor: Skin              ||     2
Dodge: Dodged            ||     1

Levels and vault maps discovered:
Abyss:1:  base: Temple, base:
Temple

Notes
Turn   | Place    | Note
-------+----------+-------------------------------------------
     0 | Abyss:1  | spiderkeys the Troll Abyssal Knight began the quest for the
                  | Orb.
     0 | Abyss:1  | Reached XP level 1. HP: 22/22 MP: 1/1
     0 | Abyss:1  | magus.rc [v1.9.10]
    97 | Abyss:1  | Reached skill level 2 in Dodging
    99 | Abyss:1  | Noticed a large abomination
   103 | Abyss:1  | Demolished by a large abomination

Vanquished Creatures
  A white imp (Abyss:1)
1 creature vanquished.

Table legend:
 A = Non-vault XP
 B = Vault XP
 C = Vault XP percentage of total XP
 D = Non-vault monster count
 E = Vault monster count
 F = Vault count percentage of total count
                 A         B        C        D         E       F
            +---------+---------+-------+---------+---------+-------
      Total |      10 |       0 |   0.0 |       1 |       0 |   0.0
            +---------+---------+-------+---------+---------+-------
    Abyss:1 |      10 |       0 |   0.0 |       1 |       0 |   0.0
            +---------+---------+-------+---------+---------+-------

Illustrated notes

Table legend:
 A = Kills in this place as a percentage of kills in entire the game.
 B = Kills by you in this place as a percentage of kills by you in the entire game.
 C = Kills by friends in this place as a percentage of kills by friends in the entire game.
 D = Other kills in this place as a percentage of other kills in the entire game.
 E = Experience gained in this place as a percentage of experience gained in the entire game.
 F = Experience gained in this place divided by the number of levels of this place that you have seen.
                   A       B       C       D       E      F
               +-------+-------+-------+-------+-------+----------------------
         Total | 100.0 | 100.0 |   N/A |   N/A | 100.0 |  10.0
         Abyss | 100.0 | 100.0 |   N/A |   N/A | 100.0 |  10.0
               +-------+-------+-------+-------+-------+----------------------

Table legend: (Time is in decaauts)
 A = Elapsed time spent in this place.
 B = Non-inter-level travel time spent in this place.
 C = Inter-level travel time spent in this place.
 D = Time resting spent in this place.
 E = Time spent auto-exploring this place.
 F = Levels seen in this place.
 G = Mean time per level.
                   A        B        C        D        E       F      G
               +--------+--------+--------+--------+--------+-----+--------+
         Total |    103 |    103 |      0 |     21 |     68 |   1 |  103.0 |
         Abyss |    103 |    103 |      0 |     21 |     68 |   1 |  103.0 |
               +--------+--------+--------+--------+--------+-----+--------+

Top non-repeatable levels by time:
 Abyss:1: 103 daAuts
